 Dungeon Crawl Stone Soup version 0.28.0-43-g3370ac3207 (webtiles) character file.

Game seed: 8456613669935766070

2 NinjaNoafa the Caller (level 1, 0/13 HPs)
             Began as a Merfolk Summoner on Apr 1, 2022.
             Slain by a bat (1 damage)
             ... on level 1 of the Dungeon.
             The game lasted 00:00:59 (103 turns).

NinjaNoafa the Caller (Merfolk Summoner)             Turns: 103, Time: 00:01:00

Health: 0/13       AC:  2    Str:  8    XL:     1   Next: 40%
Magic:  1/3        EV: 12    Int: 14    God:
Gold:   0          SH:  0    Dex: 14    Spells: 3/4 levels left

rFire   . . .      SeeInvis .   (no weapon)
rCold   . . .      Faith    .   (no shield)
rNeg    . . .      Spirit   .   a - +0 robe
rPois   .          Reflect  .   (no helmet)
rElec   .          Harm     .   (no cloak)
rCorr   .          Rampage  .   (no gloves)
Will    .....                   (no boots)
Stlth   ++........              (no amulet)
HPRegen 0.04/turn               (no ring)
MPRegen 0.08/turn               (no ring)

@: no status effects
A: (nimble swimmer 2), mertail
a: no special abilities


You were on level 1 of the Dungeon.
You visited 1 branch of the dungeon, and saw 1 of its levels.

Inventory:

Hand Weapons
 d - a +0 club
Armour
 a - a +0 robe (worn)
Scrolls
 b - a scroll of fog {unknown}
 c - a scroll of amnesia {unknown}


   Skills:
 + Level 2.7 Dodging
 + Level 2.2 Stealth
 * Level 2.0 Spellcasting
 * Level 4.0 Summonings


You had 3 spell levels left.
You knew the following spells:

 Your Spells              Type           Power      Damage    Failure   Level
a - Summon Small Mammal   Summ           48%        N/A       4%          1

Your spell library contained the following spells:

 Spells                   Type           Power      Damage    Failure   Level
 Call Imp                 Summ           12%        N/A       7%          2
 Call Canine Familiar     Summ           12%        N/A       14%         3
 Summon Guardian Golem    Hex/Summ       7%         N/A       30%         3
 Summon Lightning Spire   Summ/Air       7%         N/A       71%         4


Dungeon Overview and Level Annotations

Branches:
Dungeon (1/15)

Altars:


Innate Abilities, Weirdness & Mutations

((You are very nimble when in or above water. (Stealth+, EV+, Speed+++)))
Your lower body shifts to a powerful aquatic tail in water.


Message History

The rat dies!
You see here a +0 club.
You see here a +0 club.
d - a +0 club Your quokka disappears in a puff of smoke!
HP restored.
A ball python comes into view.
The ball python hisses angrily.
A hobgoblin comes into view.
A bat comes into view.
Casting: Summon Small Mammal (safe; 4% risk of failure)
Confirm with . or Enter, or press ? or * to list all spells.
Casting: Summon Small Mammal (safe; 4% risk of failure)
Confirm with . or Enter, or press ? or * to list all spells.
The bat hits you but does no damage. The bat misses you.
Really attack while wielding nothing? [Y]es or [N]o only, please.
Really attack while wielding nothing? [Y]es or [N]o only, please.
Really attack while wielding nothing?
Okay, then.
You swap places.
The bat barely misses your quokka. The bat misses your quokka.
The ball python bites you but does no damage.
The ball python grabs you. The ball python constricts you.
Your quokka bites the ball python.
The ball python dies!
The bat completely misses you.
Your quokka misses the bat. The hobgoblin hits you.
Really attack while wielding nothing?
You hit the hobgoblin but do no damage. The bat misses you.
The hobgoblin hits you but does no damage.
The bat hits you. The hobgoblin hits you. The bat misses you.
You closely miss the bat. The bat barely misses you.
The bat barely misses your quokka.
Your quokka closely misses the bat.
The hobgoblin hits you.
* * * LOW HITPOINT WARNING * * *
Your rat bites the hobgoblin but does no damage.
The bat hits you.
You die...

######## #......#
#......# #......#
+......+ ......#
#..# .# ##@b##.#
#......# #..gr.##
#..r..# #.†...# #
##.#####.#
#.......#.#
#.#.......#
...####.#.#######


You could see a hobgoblin (ally target), a bat (ally target), a friendly quokka
(summoned) and a friendly rat (summoned).

Vanquished Creatures (collateral kills)
  A ball python (D:1)
  A bat (D:1)
  A rat (D:1)
3 creatures vanquished.

Notes
Turn   | Place    | Note
-------+----------+-------------------------------------------
     0 | D:1      | NinjaNoafa the Merfolk Summoner began the quest for the
                  | Orb.
     0 | D:1      | Reached XP level 1. HP: 13/13 MP: 3/3
   103 | D:1      | Slain by a bat

Illustrated notes

Levels and vault maps discovered:
D:1:      saegor_arrival_simple_a, layout_basic, serial_shops, shop,
          serial_bayou_pond_e

Action                   || total
-------------------------++-------
Melee: Unarmed           ||     6
 Cast: Summon Small Mamm ||     3
Armor: Robe              ||     6
Dodge: Dodged            ||    11
